[Event "*** Titled Tuesday Blitz"]
[Site "Chess.com"]
[Date "2020.05.12"]
[Round "2"]
[White "Moon_stone123"]
[Black "AlexTriapishko"]
[Result "0-1"]
[WhiteElo "2513"]
[BlackElo "2772"]
[TimeControl "180+1"]
[EndTime "10:20:11 PDT"]
[Termination "AlexTriapishko won by checkmate"]

1. e4 e5 2. Nf3 Nc6 3. Bb5 a6 4. Ba4 d6 5. c3 Bd7 6. O-O Nf6 7. d4 g6 8. Re1 Bg7 9. Nbd2 O-O 10. Nf1 b5 11. Bc2 exd4 12. cxd4 Bg4 13. Be3 Nd7 14. h3 Bxf3 15. gxf3 Qf6 16. d5 Nd4 17. Nh2 Nxc2 18. Qxc2 Ne5 19. Qe2 Nc4 20. Rab1 Qh4 21. Kg2 f5 22. b3 Nxe3+ 23. Qxe3 Be5 24. Re2 Rf7 25. Rf1 Raf8 26. exf5 gxf5 27. f4 Bxf4 28. Qf3 Rg7+ 29. Kh1 Qg5 30. Ree1 Bxh2 31. Kxh2 Qf6 32. Rg1 Rg6 33.
Rxg6+ hxg6 34. Re6 Qg5 35. Qg3 Qxg3+ 36. Kxg3 Kf7 37.
Re3 Rh8 38. Rc3 Kf6 39. Rxc7 Ke5 40. Rc6 Kxd5 41. Rxa6 Kc5 42. Ra5 Kb6 43. b4 d5 44. a4 bxa4 45. Rxa4 Rd8 46. Kf3 Kb5 47. Ra7 Kxb4 48. Rg7 Rd6 49. Ke2 Kc3 50. h4 Rc6 51. Rd7 d4 52. Rd5 Re6+ 53. Kd1 Kd3 54. Ra5 Rb6 55.
Ra3+ Ke4 56. Ke2 Rb2+ 57. Ke1 d3 58. Ra4+ Kf3 59. Rd4 Re2+ 60. Kf1 Rxf2+ 61. Kg1 Rd2 62. Rd6 Rd1+ 63. Kh2 d2 64. Rxg6 Rh1+ 65. Kxh1 d1=Q+ 66. Kh2 Qd2+ 67. Kh3 Qe1 68. h5 Qh1# 0-1

[Event "*** Titled Tuesday Blitz"]
[Site "Chess.com"]
[Date "2020.05.12"]
[Round "2"]
[White "MartinCerveny"]
[Black "BIG_Pirate"]
[Result "0-1"]
[WhiteElo "2548"]
[BlackElo "2309"]
[TimeControl "180+1"]
[EndTime "10:20:12 PDT"]
[Termination "BIG_Pirate won by resignation"]

1. d4 d5 2. c4 c6 3. Nf3 Nf6 4. e3 Bf5 5. cxd5 cxd5 6. Qb3 Qb6 7. Qxb6 axb6 8. Nc3 Nc6 9. Bd2 e6 10. Bb5 Bd6 11.
Na4 Nd7 12. Rc1 Rc8 13. Nh4 Bg6 14. O-O Ke7 15. a3 Bh5 16. f4 f5 17. Nf3 Bxf3 18. gxf3 Rhg8 19. h4 Kf7 20. Kf2 Be7 21. Rh1 g6 22. Ke2 Ncb8 23. Rxc8 Rxc8 24. Nc3 Nc6 25. b4 Nf6 26. Na4 Bd8 27. Be1 Na7 28. Bd3 Nc6 29. Bf2 Ra8 30. Bb5 Na7 31. Bd3 Nc6 32.
Bc2 b5 33. Nc3 Rxa3 34. Nxb5 Ra2 35. Kd2 Nxb4 36. Rc1 Be7 37. Nc3 Rxc2+ 38. Rxc2 Nxc2 39. Kxc2 Ne8 40. e4 fxe4 41. fxe4 dxe4 42. Nxe4 Nd6 43. Ng5+ Bxg5 44. hxg5 Nb5 45. Kd3 Ke7 46. Be1 Kd6 47. Kc4 Nc7 48. Bb4+ Kc6 49. Bd2 Nd5 50. Kd3 Ne7 51.
Ke4 Nd5 52. Ke5 Kd7 53. Bc1 b5 54. Ba3 b4 55. Bb2 b3 56. Ba3 Nc3 57. Kf6 Ne2 58.
Kg7 Nxf4 59. Kxh7 Kc6 60. Kg7 Kd5 61. Bb2 Ke4 62. Kf6 Kd3 63. Ke5 Nh3 64. Kf6 Nf4 65. Ke5 Nh3 66. Kf6 Kc2 67. Ba3 b2 68. Bxb2 Kxb2 69.
Kxg6 Kc3 70. Kf6 Nxg5 71. Kxg5 Kxd4 72. Kf4 e5+ 73. Kf3 Kd3 74. Kf2 e4 75. Ke1 Ke3 76.
Kf1 Kd2 77. Kf2 e3+ 78. Kg3 e2 79. Kf4 e1=Q 80. Kg5 Qe2 81. Kf6 Qe3 0-1

[Event "*** Titled Tuesday Blitz"]
[Site "Chess.com"]
[Date "2020.05.12"]
[Round "2"]
[White "InitiatingASC"]
[Black "Benjoneliere44"]
[Result "1-0"]
[WhiteElo "2311"]
[BlackElo "2548"]
[TimeControl "180+1"]
[EndTime "10:20:15 PDT"]
[Termination "InitiatingASC won by resignation"]

1. d4 d6 2. c4 e5 3. dxe5 dxe5 4. Qxd8+ Kxd8 5. Nf3 f6 6. b3 c6 7. Bb2 Be6 8. Nbd2 Kc7 9. e3 a5 10. a3 Na6 11.
Be2 Nc5 12. O-O Nh6 13. b4 Na4 14. Rfb1 Nxb2 15. Rxb2 axb4 16. Rab1 Rxa3 17. Ne4 Be7 18. c5 Bf5 19. Rxb4 Ra7 20. Nfd2 Rd8 21. Bc4 Rxd2 22. Nxd2 Bxb1 23. Rxb1 Bxc5 24. Bd3 g6 25. Bc4 Nf5 26. g4 Ne7 27. h4 f5 28. Nf3 Bd6 29.
Ng5 fxg4 30. Nxh7 Nf5 31. Be6 b5 32. Nf6 Nxh4 33. Ne8+ Kd8 34. Nxd6 Ra4 35. Nb7+ Ke7 36. Nc5 Ra7 37. Bxg4 Kd6 38. Ne4+ Kd5 39. f3 Rc7 40. Kf2 Nf5 41. Rd1+ Kc4 42. Rc1+ Kb4 43. Bxf5 gxf5 44. Nd6 f4 45. Ke2 c5 46. Rb1+ Ka4 47. Nxb5 Rh7 48. Nc3+ Ka3 49. Kd3 fxe3 50. Kxe3 c4 51. Rb5 Rd7 52.
Rxe5 Rd3+ 53. Ke4 Rxc3 54. f4 Rc1 55. f5 c3 56. Kd3 Kb4 57. f6 Rf1 58. Re6 Rf3+ 59.
Kc2 Rf2+ 60. Kc1 Kc4 61. Rc6+ Kd4 62. Kd1 Kd3 63. Ke1 Re2+ 64. Kd1 Rf2 65. Rd6+ Ke3 66. Rc6 Kd4 67. Ke1 Rf5 68. Ke2 Re5+ 69. Kf3 Rf5+ 70. Kg4 Rf1 71. Kg5 Kd3 72. Kg6 Rg1+ 73. Kf7 c2 74.
Ke8 Re1+ 75. Kd8 Re4 76. f7 Rd4+ 77. Ke8 Rc4 78. Rxc4 Kxc4 79. f8=Q c1=Q 80. Qf7+ Kc5 81. Qc7+ Kb4 82. Qxc1 Ka4 83. Qb2 Ka5 84. Kd7 1-0

[Event "*** Titled Tuesday Blitz"]
[Site "Chess.com"]
[Date "2020.05.12"]
[Round "2"]
[White "elisak43"]
[Black "DonPreuss"]
[Result "1-0"]
[WhiteElo "2415"]
[BlackElo "2158"]
[TimeControl "180+1"]
[EndTime "10:20:17 PDT"]
[Termination "elisak43 won on time"]

1. Nf3 Nc6 2. d4 d6 3. d5 Ne5 4.
Bf4 Nxf3+ 5. exf3 e5 6. dxe6 fxe6 7. Bd3 Nf6 8. Nd2 Be7 9. Qe2 O-O 10. O-O-O e5 11.
Bg3 Be6 12. Kb1 Qe8 13. f4 e4 14. Nxe4 Nxe4 15. Qxe4 Bf5 16. Qc4+ Kh8 17. Bxf5 Rxf5 18.
Rhe1 Qf8 19. Qe6 Rf7 20. Re4 Bf6 21. Rde1 Re7 22. Qd5 Rxe4 23. Qxe4 c6 24. f5 d5 25. Qe6 h6 26. Bd6 Qd8 27. g4 Qb6 28. Be5 Bxe5 29.
Qxe5 Qxf2 30. b3 a5 31. Qe2 Qc5 32. Qe7 Qc3 33. Qe5 Qc5 34. f6 Qf8 35. fxg7+ Qxg7 36.
Qxg7+ Kxg7 37. Re7+ Kg6 38. Rxb7 a4 39. Rb6 Rc8 40.
bxa4 Kg5 41. h3 Kh4 42. Rb3 c5 43. Kb2 c4 44. Rb6 Kxh3 45. Rxh6+ Kxg4 46. Rd6 Rc5 47. Kc3 Kf4 48. Kb4 Rc8 49. Rxd5 Ke4 50. Rc5 Rb8+ 51.
Kxc4 Rb2 52. Kc3 Rxa2 53. Kb3 Ra1 54. Rc4+ Kd5 55. Rc8 Rb1+ 56. Kc3 Ra1 57. Rc4 Ra2 58. Rh4 Kc6 59. Kb3 Ra1 60. Rh5 Rb1+ 61. Kc4 Rd1 62. Rh6+ Kb7 63. c3 Ka7 64. Kb5 Ra1 65.
Rh7+ Kb8 66. c4 Rb1+ 67. Kc6 Ra1 68. Rb7+ Ka8 69. Rb4 Re1 70. c5 Re6+ 71. Kb5 Rg6 72. c6 Ka7 73. Rc4 Kb8 74. Kb6 Kc8 75. Rf4 Rg8 76.
Rf7 Kb8 77. a5 Ka8 78. a6 Rb8+ 79. Rb7 Re8 80. Rd7 Rb8+ 81. Kc5 Rf8 82. c7 Rf5+ 83. Kd4 1-0

[Event "*** Titled Tuesday Blitz"]
[Site "Chess.com"]
[Date "2020.05.12"]
[Round "2"]
[White "Barbus89"]
[Black "vinniethepooh"]
[Result "1-0"]
[WhiteElo "2385"]
[BlackElo "2628"]
[TimeControl "180+1"]
[EndTime "10:20:20 PDT"]
[Termination "Barbus89 won by resignation"]

1. d4 Nf6 2. Nf3 d5 3. c4 e6 4. g3 dxc4 5. Bg2 a6 6. Ne5 Bb4+ 7.
Nc3 Nd5 8. Bd2 Nb6 9. e3 O-O 10.
O-O f6 11. Nf3 Nc6 12. Na4 Nxa4 13. Qxa4 b5 14. Qd1 Bb7 15. Ng5 fxg5 16. Bxb4 Nxb4 17. Bxb7 Rb8 18. Be4 Qf6 19. b3 c3 20. Qc1 Nd5 21.
Bxd5 exd5 22. Qxc3 Rfc8 23. Rfc1 Qd6 24. Qc6 Rb6 25.
Qxd6 Rxd6 26. a4 Rb6 27. Rc5 c6 28. Rac1 Kf7 29. a5 Rb7 30. Rxc6 Rxc6 31. Rxc6 b4 32.
Rxa6 Rb5 33. Ra7+ Kf6 34. a6 Ra5 35. h3 h5 36. Kg2 Ra3 37. Rb7 Rxb3 38. a7 Ra3 39.
Rxb4 Rxa7 40. Rb6+ Kf5 41. Rd6 Ra5 42. Kf3 g4+ 43.
hxg4+ hxg4+ 44. Kg2 g5 45. Kg1 Rb5 46. Kg2 Ra5 47.
Rd8 Rb5 48. Re8 Ra5 49. Re5+ Kf6 50. Kf1 Ra1+ 51. Ke2 Ra2+ 52. Ke1 Ra5 53. Kd2 Ra2+ 54. Kd3 Rxf2 55. Rxd5 Rf3 56. Rd6+ Kf5 57. Rd5+ Kf6 58. Ke4 Rxg3 59. Rd6+ Ke7 60. Rg6 Rg1 61. Rxg5 Kf6 62. Rg8 Kf7 63. Rg5 Kf6 64. Rf5+ Ke6 65. Re5+ Kd6 66.
Kf4 g3 67. Kf3 g2 68. Kf2 Rd1 69. Kxg2 Rd2+ 70. Kf3 Rd1 71. Ke4 Ra1 72. Rd5+ Ke6 73. Rh5 Kd6 74. Rh6+ Ke7 75. Ke5 Ra5+ 76. d5 Ra4 77. e4 Kf7 78. Rh7+ Kg6 79. Rb7 Rb4 80. Rxb4 1-0

[Event "*** Titled Tuesday Blitz"]
[Site "Chess.com"]
[Date "2020.05.12"]
[Round "2"]
[White "aquiles88"]
[Black "bugsbunny444"]
[Result "0-1"]
[WhiteElo "2222"]
[BlackElo "2451"]
[TimeControl "180+1"]
[EndTime "10:20:21 PDT"]
[Termination "bugsbunny444 won by resignation"]

1. e4 c5 2. Nf3 e6 3. d4 cxd4 4. Nxd4 a6 5. c4 Nf6 6. Bd3 Nc6 7. Nc2 Qc7 8. O-O Bc5 9. Be3 b6 10. Nc3 Bb7 11. Qe2 O-O 12. Rfd1 Ne5 13. f3 Rfe8 14.
Rac1 d5 15. cxd5 exd5 16. Nxd5 Nxd5 17. exd5 Nxd3 18. Qxd3 Rad8 19. Nd4 Qe5 20. Bf2 Qxd5 21. Qb3 h6 22. Qxd5 Bxd5 23. Nb3 Bxf2+ 24. Kxf2 Bxb3 25. axb3 Kf8 26. Rxd8 Rxd8 27. Rc2 Rd5 28. Ke2 Rb5 29. Rc3 Re5+ 30. Kf2 Rb5 31. h4 Rb4 32. g3 a5 33.
Ke3 g6 34. Rc8+ Kg7 35. Rc3 g5 36. h5 f5 37. Rc7+ Kf6 38. Rc6+ Ke5 39. f4+ gxf4+ 40.
gxf4+ Rxf4 41. Rxh6 Rb4 42. Rh8 Rxb3+ 43. Kd2 Rxb2+ 44.
Kc3 Rb4 45. h6 Kf6 46. Rf8+ Kg6 47. h7 Kxh7 48. Rxf5 Kg6 49. Rf1 Kg5 50. Rf8 Rf4 51. Rb8 Rb4 52. Rf8 Rb5 53. Kc4 Rb4+ 54. Kd5 Kg6 55.
Kc6 a4 56. Rg8+ Kf6 57. Re8 b5 58. Kc5 Rb3 59. Re2 Kf5 60. Kd4 Kf4 61. Rf2+ Kg3 62. Rf1 a3 63. Rg1+ Kf2 64. Ra1 b4 65. Kc4 Rb2 66.
Kd3 a2 67. Rh1 Kg2 68. Ra1 b3 69. Kc3 Rb1 70. Rxa2+ bxa2 0-1

[Event "*** Titled Tuesday Blitz"]
[Site "Chess.com"]
[Date "2020.05.12"]
[Round "2"]
[White "luizwas"]
[Black "FranciscodelaF"]
[Result "1/2-1/2"]
[WhiteElo "1732"]
[BlackElo "2342"]
[TimeControl "180+1"]
[EndTime "10:20:23 PDT"]
[Termination "Game drawn - insufficient material"]

1. e4 g6 2. d4 Bg7 3. Nf3 d6 4. Nc3 a6 5. Be3 b5 6. a3 Bb7 7.
Qd2 Nd7 8. O-O-O e6 9. h4 h6 10. g4 Ne7 11. Bg2 c5 12. dxc5 dxc5 13. g5 h5 14. Bh3 Qc7 15. Qd6 Qxd6 16. Rxd6 b4 17. axb4 cxb4 18. Na2 Bxe4 19. Bg2 Nd5 20. Rd1 Rc8 21.
Ne1 Bxg2 22. Nxg2 Be5 23. Rxa6 b3 24. Nc3 O-O 25. cxb3 Bxc3 26. bxc3 Rxc3+ 27. Kb2 Rb8 28. Ra7 Rcxb3+ 29. Kc2 Rb2+ 30. Kd3 Ne5+ 31. Ke4 Nc4 32. Kd4 Ncxe3 33. Nxe3 R2b4+ 34. Ke5 Nxe3 35. fxe3 R8b5+ 36. Kf6 Rf5+ 37. Ke7 Kg7 38. Ra8 Rb7+ 39. Rd7 Rxd7+ 40. Kxd7 Re5 41. Ra3 Re4 42. Ke7 Rxh4 43. Rd3 Re4 44. Rd8 Re5 45. Rf8 Rf5 46. Re8 Rf1 47. Rf8 h4 48. Ra8 h3 49. Ra2 Rf3 50. Rh2 Rxe3 51. Rf2 f5 52. gxf6+ Kh6 53. f7 Ra3 54. f8=Q+ Kg5 55.
Qf6+ Kh5 56. Kf7 Ra7+ 57. Kxe6 Ra6+ 58. Ke5 Rxf6 59. Kxf6 g5 60. Rh2 g4 61. Kf5 Kh4 62. Ra2 g3 63. Ra4+ Kh5 64. Kf4 g2 65. Ra3 g1=Q 66. Rxh3+ Kg6 67. Rg3+ Qxg3+ 68. Kxg3 1/2-1/2

[Event "*** Titled Tuesday Blitz"]
[Site "Chess.com"]
[Date "2020.05.12"]
[Round "2"]
[White "tioloko"]
[Black "Ati1517"]
[Result "1/2-1/2"]
[WhiteElo "2613"]
[BlackElo "2291"]
[TimeControl "180+1"]
[EndTime "10:20:36 PDT"]
[Termination "Game drawn - insufficient material"]

1. e4 e5 2. Nf3 Nc6 3. Bb5 a6 4. Ba4 Nf6 5. O-O b5 6. Bb3 Bc5 7.
Re1 O-O 8. Nxe5 Bxf2+ 9. Kxf2 Nxe5 10. d4 Nc4 11. e5 Nd5 12. Qh5 f6 13. Kg1 fxe5 14.
dxe5 Qe7 15. Nc3 Bb7 16. Qg5 Qc5+ 17. Be3 Ndxe3 18. Qxe3 Qc6 19. Ne4 Kh8 20. Bxc4 bxc4 21. Re2 Rae8 22. Nc3 Rf5 23. Rf1 Rxf1+ 24. Kxf1 h6 25.
a3 Qg6 26. Kg1 Re6 27. h3 d6 28. Qa7 Bc6 29. Qxa6 d5 30. Qa7 Qg3 31. Qd4 Bb7 32. Nxd5 c5 33. Qxc5 Rxe5 34. Qd6 Rg5 35. Qxg3 Rxg3 36.
Re8+ Kh7 37. Ne3 Rg6 38. Re7 Bc6 39. Kf2 Rd6 40. Ke2 Bb5 41. c3 Ba4 42. Nxc4 Bb5 43. Re4 Re6 44. Kd3 Rxe4 45. Kxe4 Bxc4 46. a4 Kg6 47. b4 Kf6 48. Kd4 Bf1 49. b5 Ke6 50. Kc5 Kd7 51. a5 Kc8 52. g3 Bxh3 53. Kd6 Bg2 54.
c4 Bf1 55. Kd5 Bg2+ 56. Kc5 Bf1 57. b6 Kb7 58. Kb5 h5 59. a6+ Kb8 60. Kc6 Bxc4 61. a7+ Ka8 62. Kc7 Bd5 63. Kd6 Bb7 64. Ke5 g5 65. Kf5 h4 66. gxh4 gxh4 67. Kg4 Bd5 68. Kxh4 Kb7 69. Kg5 Kxb6 70. Kf6 Ba8 71. Ke7 Kxa7 1/2-1/2

[Event "*** Titled Tuesday Blitz"]
[Site "Chess.com"]
[Date "2020.05.12"]
[Round "2"]
[White "CrushingKings"]
[Black "jaskol95"]
[Result "1/2-1/2"]
[WhiteElo "2459"]
[BlackElo "2263"]
[TimeControl "180+1"]
[EndTime "10:20:36 PDT"]
[Termination "Game drawn - insufficient material"]

1. e4 e6 2. Nf3 d5 3. Nc3 Nf6 4.
e5 Nfd7 5. d4 c5 6. dxc5 Nc6 7.
Bf4 Bxc5 8. Bd3 f6 9. exf6 Nxf6 10. O-O O-O 11. Bg3 Bd7 12. Qe2 Nd4 13. Nxd4 Bxd4 14. Nd1 Qe7 15. c3 Bb6 16. Be5 Be8 17. Ne3 Bh5 18.
Qc2 h6 19. Rae1 Bxe3 20. Rxe3 Ng4 21. Ree1 Nxe5 22. Rxe5 Bf7 23. Qe2 Qf6 24. f4 Rae8 25. Bc2 Bg6 26. Ba4 Re7 27. Qe3 Be4 28. Bb5 a6 29. Bd3 Bxd3 30. Qxd3 Ref7 31. Qe3 Re7 32. g3 g6 33. Re1 Rfe8 34. Qb6 Kg7 35. Kg2 h5 36. h4 Qf7 37. Qb4 Qf6 38. a4 Kf7 39. a5 Rc8 40. Qb6 Rc6 41. Qd8 Re8 42.
Qxf6+ Kxf6 43. Rxd5 exd5 44. Rxe8 Rc5 45. Rb8 Rb5 46. b4 d4 47. cxd4 Rxb4 48. Kf3 Kf5 49. Rf8+ Ke6 50. Ke4 Ra4 51. Rb8 Rxa5 52. Rxb7 Ra3 53.
Rb6+ Kf7 54. d5 Rxg3 55. Ke5 Re3+ 56. Kd6 Rf3 57. Rb7+ Kf6 58. Rb8 Kf5 59. Rf8+ Kg4 60. Kd7 Rd3 61. d6 Kxh4 62. Kc7 Rc3+ 63. Kd8 Kg3 64.
d7 h4 65. Rf6 Rd3 66. Ke7 Rxd7+ 67. Kxd7 h3 68. Rxa6 h2 69. Ra3+ Kg2 70. Ra2+ Kg3 71. Ra3+ Kg2 72. Ra1 h1=Q 73. Rxh1 Kxh1 74. Ke6 Kg2 75.
Kf6 Kf3 76. Kg5 Ke4 77. Kg4 Kd5 78. Kh4 Ke4 79. Kg5 Kf3 80. f5 gxf5 81. Kxf5 1/2-1/2

[Event "*** Titled Tuesday Blitz"]
[Site "Chess.com"]
[Date "2020.05.12"]
[Round "2"]
[White "SahaNeelash"]
[Black "SPEEDSKATER"]
[Result "1/2-1/2"]
[WhiteElo "2520"]
[BlackElo "2762"]
[TimeControl "180+1"]
[EndTime "10:20:46 PDT"]
[Termination "Game drawn - insufficient material"]

1. d4 d5 2. Bf4 Nf6 3. e3 Bg4 4.
Nf3 e6 5. Nbd2 Bd6 6. Bg3 O-O 7. Bd3 c6 8. Qe2 Qe7 9. e4 dxe4 10. Nxe4 Bxg3 11.
Nxf6+ Qxf6 12. hxg3 h6 13. Qe5 Nd7 14. Qxf6 Nxf6 15.
Ne5 Bf5 16. Bxf5 exf5 17. O-O Rad8 18. Rad1 Rfe8 19. Rfe1 Ne4 20. c3 Nd6 21. Nd3 f6 22. f3 Kf7 23. Kf2 g5 24. Rxe8 Rxe8 25. Rh1 Kg6 26.
a4 a5 27. Ra1 h5 28. Ra3 Nc4 29. Rb3 b6 30. Ne1 Kf7 31. Nc2 Rb8 32. Ne3 Nd6 33.
Ra3 Ke6 34. Ra1 Rh8 35. Re1 Kd7 36. Rh1 Ke6 37. Re1 Kf7 38. Rh1 Kg6 39. Rd1 Rb8 40. d5 c5 41. c4 f4 42. gxf4 gxf4 43. Nc2 Nxc4 44. b3 Nd6 45. Ne1 Kf5 46. Nd3 c4 47.
bxc4 Nxc4 48. Rh1 Kg5 49. Re1 Rd8 50. Re4 Nd2 51. Rd4 Nb3 52. Rc4 Rxd5 53. Nxf4 Rd2+ 54.
Kg3 Kf5 55. Nxh5 Nc5 56. Rf4+ Kg5 57. Nxf6 Ra2 58. Ne4+ Nxe4+ 59. Rxe4 Kf5 60. Kh3 Rb2 61. g4+ Kf6 62. Kg3 b5 63. axb5 Rxb5 64. Ra4 Ke5 65.
f4+ Kf6 66. Kh4 Kg6 67. f5+ Kf6 68. Re4 Rb6 69. Rd4 Ra6 70. Ra4 Ra8 71. Kg3 Kg5 72.
Kf3 Ra6 73. Kg3 Ra8 74. Rf4 a4 75. f6 a3 76. f7 a2 77. Rf1 Kg6 78. Ra1 Kxf7 79.
Kf3 Ke6 80. Ke3 Kd5 81. Kd3 Ra3+ 82. Kc2 Kc4 83. Kb2 Rg3 84. Rxa2 Rg2+ 85. Kb1 Rg1+ 86.
Kb2 Kb4 87. Ra8 Rg2+ 88. Kb1 Rxg4 89. Rb8+ Kc3 90. Rc8+ Rc4 91. Rb8 Rh4 92. Rc8+ Kb3 93. Rb8+ Kc3 94. Rc8+ Kd2 95. Rd8+ Ke3 96. Rc8 Rb4+ 97.
Kc2 Rb7 98. Rc3+ Kd4 99. Rd3+ Kc4 100. Rc3+ Kd4 101. Rd3+ Ke4 102. Rc3 Rh7 103. Rc4+ Kd5 104. Rc3 Rh6 105. Kb3 Rc6 106. Kc2 Rc4 107. Rxc4 Kxc4 1/2-1/2

[Event "*** Titled Tuesday Blitz"]
[Site "Chess.com"]
[Date "2020.05.12"]
[Round "3"]
[White "LogoCzar"]
[Black "Buffy7"]
[Result "1-0"]
[WhiteElo "2437"]
[BlackElo "2682"]
[TimeControl "180+1"]
[EndTime "10:22:07 PDT"]
[Termination "LogoCzar won by resignation"]

1. e4 c5 2. Nf3 d6 3. d4 cxd4 4. Nxd4 Nf6 5. Nc3 Nc6 6. Bc4 Qb6 7.
Nb3 e6 8. Bf4 Ne5 9. Be2 a6 10.
Be3 Qc7 11. f4 Nc4 12. Bxc4 Qxc4 13. Qf3 Bd7 14. O-O-O Bc6 15. Rd4 1-0

[Event "*** Titled Tuesday Blitz"]
[Site "Chess.com"]
[Date "2020.05.12"]
[Round "3"]
[White "Aradej"]
[Black "BikingBrian"]
[Result "0-1"]
[WhiteElo "2493"]
[BlackElo "2253"]
[TimeControl "180+1"]
[EndTime "10:23:08 PDT"]
[Termination "BikingBrian won by checkmate"]

1. e4 c5 2. Nf3 g6 3. Bc4 Bg7 4. O-O Nc6 5. c3 e6 6. d4 cxd4 7. cxd4 d5 8. exd5 exd5 9. Bb5 Ne7 10. Bg5 f6 11. Bf4 O-O 12. Re1 Bg4 13. Nc3 Bxf3 14. gxf3 Rc8 15. Qd2 Nf5 16. Be3 Nh4 17. Be2 Qd7 18.
Kh1 Qh3 19. Qd1 Qg2# 0-1

[Event "*** Titled Tuesday Blitz"]
[Site "Chess.com"]
[Date "2020.05.12"]
[Round "3"]
[White "Off-War"]
[Black "TST2014"]
[Result "0-1"]
[WhiteElo "2745"]
[BlackElo "2582"]
[TimeControl "180+1"]
[EndTime "10:23:20 PDT"]
[Termination "TST2014 won by checkmate"]

1. d4 Nf6 2. c4 d6 3. Nc3 e5 4. Nf3 Nbd7 5. e4 g6 6. Be2 Bg7 7. O-O O-O 8. Be3 Ng4 9. Bg5 f6 10. Bc1 f5 11. Bg5 Bf6 12. Bxf6 Qxf6 13. Nd5 Qd8 14. exf5 gxf5 15. b4 c6 16. Nc3 e4 17. Nd2 Ndf6 18. Nb3 d5 19. cxd5 cxd5 20.
Qd2 Qd6 21. Nb5 Qxh2# 0-1

[Event "*** Titled Tuesday Blitz"]
[Site "Chess.com"]
[Date "2020.05.12"]
[Round "3"]
[White "DaggiGretarsson"]
[Black "Pudor"]
[Result "1-0"]
[WhiteElo "2594"]
[BlackElo "2392"]
[TimeControl "180+1"]
[EndTime "10:23:26 PDT"]
[Termination "DaggiGretarsson won by resignation"]

1. d4 d5 2. Nf3 e6 3. g3 c5 4. Bg2 cxd4 5. Nxd4 Nf6 6. O-O Be7 7. c4 O-O 8. cxd5 Nxd5 9. Nc3 Nxc3 10. bxc3 Nd7 11.
Rb1 Nc5 12. Ba3 Rb8 13. Nc6 1-0

[Event "*** Titled Tuesday Blitz"]
[Site "Chess.com"]
[Date "2020.05.12"]
[Round "3"]
[White "przemekpiotrowski"]
[Black "giantslayer83"]
[Result "0-1"]
[WhiteElo "2423"]
[BlackElo "2712"]
[TimeControl "180+1"]
[EndTime "10:23:42 PDT"]
[Termination "giantslayer83 won by resignation"]

1. d4 Nf6 2. Nf3 g6 3. g3 Bg7 4. Bg2 O-O 5. O-O d6 6. c4 c5 7. Nc3 Nc6 8. dxc5 dxc5 9. Be3 Be6 10. Bxc5 Bxc4 11. Qa4 Ba6 12. Rfd1 Qc8 13. Rac1 Qf5 14.
e4 Qxc5 15. Nd5 Qb5 16. Qxb5 Bxb5 17. Nc7 Be2 0-1

[Event "*** Titled Tuesday Blitz"]
[Site "Chess.com"]
[Date "2020.05.12"]
[Round "3"]
[White "AnkitGajwa"]
[Black "gmcorrales"]
[Result "0-1"]
[WhiteElo "2434"]
[BlackElo "2787"]
[TimeControl "180+1"]
[EndTime "10:23:49 PDT"]
[Termination "gmcorrales won by resignation"]

1. e4 c5 2. Nf3 d6 3. d4 cxd4 4.
Nxd4 Nf6 5. Nc3 a6 6. Bg5 e6 7. f4 h6 8. Bh4 Qb6 9. a3 Be7 10. Bf2 Qc7 11. Qf3 b5 12. O-O-O Bb7 13. g4 d5 14. e5 Ne4 15. Nxe4 dxe4 16. Qe3 Nc6 17. Bg2 Nxd4 18. Qxd4 Rc8 19. Bxe4 O-O 20.
c3 Bxe4 21. Qxe4 Bxa3 22. bxa3 Qxc3+ 23. Kb1 Qb3+ 24. Ka1 Qxa3+ 25. Kb1 Qb3+ 26. Ka1 Rc2 0-1

[Event "*** Titled Tuesday Blitz"]
[Site "Chess.com"]
[Date "2020.05.12"]
[Round "3"]
[White "Karacsonyi_Gellert"]
[Black "Gareth-Bale11"]
[Result "1/2-1/2"]
[WhiteElo "2493"]
[BlackElo "2712"]
[TimeControl "180+1"]
[EndTime "10:23:55 PDT"]
[Termination "Game drawn by agreement"]

1. e4 c5 2. Nf3 d6 3. d4 cxd4 4. Nxd4 Nf6 5. Nc3 a6 6. Bc4 e6 7. O-O b5 8. Bb3 Bb7 9. Re1 Nbd7 10. Bg5 Nc5 11. a4 b4 12. Nd5 Be7 13. Nxe7 Qxe7 14.
Nf5 1/2-1/2

[Event "*** Titled Tuesday Blitz"]
[Site "Chess.com"]
[Date "2020.05.12"]
[Round "3"]
[White "Ceejay271"]
[Black "AndrewMaco"]
[Result "0-1"]
[WhiteElo "2349"]
[BlackElo "2546"]
[TimeControl "180+1"]
[EndTime "10:24:04 PDT"]
[Termination "AndrewMaco won by resignation"]

1. d4 Nf6 2. Nf3 e6 3. Bg5 h6 4. Bh4 b6 5. Nbd2 Bb7 6. e3 d6 7.
Bd3 Nbd7 8. O-O g5 9. Bg3 Nh5 10. e4 Bg7 11. c3 O-O 12. Qc2 Nxg3 13. fxg3 c5 14. Rae1 Qe7 15. e5 cxd4 16. cxd4 dxe5 17. dxe5 Qc5+ 18. Qxc5 Nxc5 19. Bb1 Rfd8 20. Re3 g4 0-1

[Event "*** Titled Tuesday Blitz"]
[Site "Chess.com"]
[Date "2020.05.12"]
[Round "3"]
[White "Nayemhaque22"]
[Black "Sanyura"]
[Result "0-1"]
[WhiteElo "2258"]
[BlackElo "2511"]
[TimeControl "180+1"]
[EndTime "10:24:15 PDT"]
[Termination "Sanyura won by resignation"]

1. e4 c5 2. Nf3 e6 3. c3 d5 4. exd5 exd5 5. d4 Bd6 6. Bd3 Nc6 7. O-O Nge7 8. Re1 h6 9. h3 O-O 10. Nbd2 cxd4 11. cxd4 Bf5 12. Bxf5 Nxf5 13. Nb3 Qb6 14. Be3 a5 15. Nc5 Bxc5 16. dxc5 Qd8 17. Nd4 Nxe3 18.
Rxe3 Qf6 19. Nxc6 bxc6 20. Qd2 Rab8 21. b3 Qxa1+ 0-1

[Event "*** Titled Tuesday Blitz"]
[Site "Chess.com"]
[Date "2020.05.12"]
[Round "3"]
[White "dennisodessa"]
[Black "NikolaGry"]
[Result "0-1"]
[WhiteElo "2317"]
[BlackElo "2636"]
[TimeControl "180+1"]
[EndTime "10:24:22 PDT"]
[Termination "NikolaGry won by resignation"]

1. c4 e5 2. Nc3 Nc6 3. g3 g6 4. Bg2 Bg7 5. d3 d6 6. e3 Nh6 7. Nge2 O-O 8. O-O Be6 9. Rb1 Qd7 10. Re1 Bh3 11. Bh1 f5 12. b4 Rae8 13. b5 Nd8 14. Qa4 g5 15. Qxa7 f4 16. Ne4 fxg3 17.
fxg3 Qf5 18. N2c3 Qf1+ 0-1

[Event "*** Titled Tuesday Blitz"]
[Site "Chess.com"]
[Date "2020.05.12"]
[Round "3"]
[White "Dinamo81"]
[Black "SmirnovAlexandrA"]
[Result "1-0"]
[WhiteElo "2618"]
[BlackElo "2340"]
[TimeControl "180+1"]
[EndTime "10:24:23 PDT"]
[Termination "Dinamo81 won by resignation"]

1. d4 Nf6 2. Bf4 g6 3. Nc3 d5 4.
e3 Bg7 5. h4 h5 6. Nf3 Bg4 7. Be2 c6 8. Ne5 Bxe2 9. Qxe2 Nbd7 10. O-O-O Qa5 11. Kb1 Nxe5 12. Bxe5 O-O-O 13. f3 Rhg8 14.
Rd3 Nd7 15. Bxg7 Rxg7 16. e4 e6 17. exd5 cxd5 18. Nb5 Kb8 19. Ra3 Qb6 20. Rxa7 Qxd4 21. Nxd4 1-0

[Event "*** Titled Tuesday Blitz"]
[Site "Chess.com"]
[Date "2020.05.12"]
[Round "3"]
[White "Ranindu2003"]
[Black "Alexander_Zubov"]
[Result "0-1"]
[WhiteElo "2444"]
[BlackElo "2837"]
[TimeControl "180+1"]
[EndTime "10:24:44 PDT"]
[Termination "Alexander_Zubov won by resignation"]

1. e4 c5 2. Nf3 d6 3. d4 cxd4 4.
Nxd4 Nf6 5. Nc3 a6 6. Be3 e5 7.
Nb3 Be6 8. f3 h5 9. Nd5 Bxd5 10.
exd5 Nbd7 11. Qd2 Qc7 12. Be2 Nb6 13. Bxb6 Qxb6 14. c4 g6 15. Rc1 Bh6 16. Qc2 Bxc1 17. Qxc1 O-O 18. Qg5 Kg7 19. g4 hxg4 20. fxg4 Ne4 21.
Qd2 Qf2+ 22. Kd1 Nxd2 0-1

[Event "*** Titled Tuesday Blitz"]
[Site "Chess.com"]
[Date "2020.05.12"]
[Round "3"]
[White "kirillshevchenko"]
[Black "mortngabriel"]
[Result "1-0"]
[WhiteElo "2821"]
[BlackElo "2441"]
[TimeControl "180+1"]
[EndTime "10:24:44 PDT"]
[Termination "kirillshevchenko won by resignation"]

1. e4 c6 2. d4 d5 3. exd5 cxd5 4. Bd3 Nc6 5. c3 Qc7 6. h3 Nf6 7. Nf3 g6 8. O-O Bg7 9. Re1 O-O 10. Qc2 Rb8 11. a4 a6 12. Nbd2 b5 13. axb5 axb5 14. b4 Nh5 15. Nb3 Nf4 16. Bxf4 Qxf4 17. Qe2 e5 18. dxe5 Nxe5 19. Nxe5 Re8 20. Nxg6 1-0

[Event "*** Titled Tuesday Blitz"]
[Site "Chess.com"]
[Date "2020.05.12"]
[Round "3"]
[White "kingmonkey2006"]
[Black "kismet6"]
[Result "0-1"]
[WhiteElo "2657"]
[BlackElo "1931"]
[TimeControl "180+1"]
[EndTime "10:24:47 PDT"]
[Termination "kismet6 won by checkmate"]

1. e4 c5 2. Nf3 Nc6 3. d4 cxd4 4. Nxd4 Qb6 5. Nb3 Nf6 6. Be3 Qb4+ 7. c3 Qxe4 8. N1d2 Qg4 9. f3 Qe6 10. Kf2 Nd5 11.
Bg5 h6 12. Nc5 Qe5 13. f4 Qe3# 0-1